Map: Blackpink LE

Players

TRIBILDA - Winner!

  • Race: Protoss Protoss
  • Spawn Location: 7:00

A.I. 1 (Very Easy)

  • Race: Protoss Protoss
  • Spawn Location: 1:00

VOD

Have the link to the VOD?

Description

Time

  • Played on: Jan. 29, 2018, 7:37 a.m.
  • Length: 5:04
Show
View Real Time Build Order
Export as new Build Order

TRIBILDA Protoss - Winner!

Build Orders:  

Get SALT Encoding   

  12  0:01  Probe  
  13  0:13  Probe  
  14  0:18  Pylon  
  14  0:25  Probe  
  15  0:38  Gateway  
  15  0:40  Probe (Chrono Boost)  
  17  0:51  Assimilator, Probe (Chrono Boost)  
  17  0:54  Assimilator  
  17  0:56  Probe (Chrono Boost)  
  18  1:07  Probe  
  18  1:10  Gateway  
  19  1:19  Probe  
  19  1:25  Cybernetics Core  
  20  1:31  Probe  
  21  1:40  Pylon  
  21  1:43  Probe  
  22  1:49  Pylon  
  22  1:54  Warp Gate (Chrono Boost)  
  22  1:55  Probe  
  23  2:04  Stalker  
  23  2:05  Stalker  
  27  2:33  Gateway  
  27  2:34  Stalker  
  27  2:35  Stalker  
  31  2:39  Gateway  
  31  2:48  Shield Battery  
  31  3:04  Stalker  
  31  3:05  Stalker  
  35  3:17  Pylon  
  35  3:43  Stalker x4  
  43  3:56  Pylon  
  43  4:16  Stalker  
  43  4:17  Stalker x2  
  47  4:18  Stalker  
  51  4:48  Probe  
  51  4:51  Robotics Facility  
Show
View Real Time Build Order
Export as new Build Order

A.I. 1 (Very Easy) Protoss 

Build Orders:  

Get SALT Encoding   

  12  0:00  Probe  
  13  0:13  Probe  
  14  0:20  Pylon  
  14  0:37  Assimilator  
  14  0:44  Gateway  
  14  0:47  Pylon  
  14  1:13  Assimilator  
  14  1:26  Probe  
  14  1:32  Zealot  
  17  1:37  Cybernetics Core  
  17  1:38  Probe  
  18  1:50  Probe  
  19  2:02  Probe  
  20  2:14  Warp Gate, Probe  
  21  2:26  Probe  
  22  2:43  Stalker  
  24  3:59  Stalker  
  24  4:01  Pylon  
  24  4:07  Probe  
  22  4:22  Pylon  
  22  4:35  Probe  
  22  4:37  Zealot  
  19  4:47  Pylon, Probe  
Tags
 
Matchup
PvP
Spawn Locations
Cross Positions
Add a new tag
Caveats
  • Supply blocks, unpowered buildings, or Contaminate may cause inaccurate times.
  • Supply counts are checked every 10 seconds.